 Dungeon Crawl Stone Soup version 0.24-a0-285-g3c078ff (webtiles) character file.

Game seed: 14782600440134039081

116 galech the Skirmisher (level 4, -1/36 HPs)
             Began as a Demonspawn Fighter on May 7, 2019.
             Was an Initiate of Okawaru.
             Slain by a worm (9 damage)
             ... on level 3 of the Dungeon.
             The game lasted 00:03:46 (2340 turns).

galech the Skirmisher (Demonspawn Fighter)          Turns: 2340, Time: 00:03:47

Health: -1/36      AC:  6    Str: 17    XL:     4   Next: 69%
Magic:  4/4        EV:  9    Int:  9    God:    Okawaru [......]
Gold:   67         SH:  9    Dex: 13    Spells: 3/3 levels left

rFire    . . .     SeeInvis .   a - +0 war axe
rCold    + . .     Gourm    .   c - +0 shield
rNeg     . . .     Faith    .   b - +0 scale mail
rPois    .         Spirit   .   (no helmet)
rElec    .         Reflect  .   j - scarf {cloud immunity}
rCorr    .         Harm     .   (no gloves)
MR       .....                  (no boots)
Stlth    ..........             (no amulet)
HPRegen  0.12/turn              (no ring)
MPRegen  0.09/turn              (no ring)

@: no status effects
A: claws 1, repulsion field 1, cold resistance 1
a: Renounce Religion


You were on level 3 of the Dungeon.
You worshipped Okawaru.
Okawaru was noncommittal.
You were not hungry.

You visited 1 branch of the dungeon, and saw 3 of its levels.

You collected 67 gold pieces.

Inventory:

Hand Weapons
 a - a +0 war axe (weapon)
Armour
 b - a +0 scale mail (worn)
 c - a +0 shield (worn)
 j - a scarf of cloud immunity (worn)
Jewellery
 q - an uncursed ring of protection from cold {unknown}
Scrolls
 g - a scroll of teleportation {unknown}
 i - a scroll of remove curse {unknown}
 l - a scroll of amnesia {unknown}
 m - 3 scrolls of identify {unknown}
 o - a scroll of enchant weapon {unknown}
 r - 2 scrolls of magic mapping {unknown}
 s - a scroll of enchant armour {unknown}
Potions
 d - a potion of might
 e - a potion of cancellation {unknown}
 h - a potion of curing {unknown}
 k - a potion of agility {unknown}
 n - a potion of lignification {unknown}
 p - a potion of flight {unknown}
 t - a potion of mutation {unknown}
Comestibles
 f - 5 rations


   Skills:
 + Level 3.6 Fighting
 + Level 3.0 Axes
 + Level 3.0 Armour
 + Level 0.5 Dodging
 + Level 0.6 Stealth
 + Level 3.2 Shields


You had 3 spell levels left.
You didn't know any spells.
Your spell library was empty.

Dungeon Overview and Level Annotations

Branches:
Dungeon (3/15)

Altars:
Elyvilon
Nemelex Xobeh
Okawaru
Ru
Trog
Uskayaw
The Shining One


Innate Abilities, Weirdness & Mutations

You have sharp fingernails.
You are surrounded by a mild repulsion field. (EV +2)
Your flesh is cold resistant. (rC+)


Message History

Okawaru accepts your kill. The worm bites you but does no damage.
You hit the worm but do no damage.
The worm is moderately wounded.
The worm barely misses you.
You hit the worm.
The worm is moderately wounded.
The worm misses you. You block the worm's attack.
You hit the worm.
The worm is moderately wounded.
You block the worm's attack.
You hit the worm.
The worm is heavily wounded.
The worm barely misses you.
You hit the worm.
The worm is heavily wounded.
The worm bites you!
* * * LOW HITPOINT WARNING * * *
The worm bites you!
You die...

#. #.############
#............#
###.##.......#
####.####.....#
##.......##....#
##.........##...####
#..†.†......#...##.#
#...@###....#...##.##
#..w##y##...#.####...
#....###....#.####.##
##.........##......##
#...._..).#######...
##)).....## #...
###.).### #).. ####
#... #...


You could see a moth of wrath and a worm (berserk).

Vanquished Creatures
  A gnoll (D:1)
  4 adders
  A worm (D:2)
  2 dart slugs (D:1)
  An orc (D:3)
  A ball python (D:1)
  8 bats
  A giant cockroach (D:1)
  6 goblins
  8 hobgoblins
  4 jackals (D:2)
  8 kobolds
  2 quokkas
  3 frilled lizards
  13 rats
63 creatures vanquished.

Notes
Turn   | Place    | Note
-------+----------+-------------------------------------------
     0 | D:1      | galech the Demonspawn Fighter began the quest for the Orb.
     0 | D:1      | Reached XP level 1. HP: 18/18 MP: 1/1
    45 | D:1      | Gained mutation: You have sharp fingernails. [demonic
                  | ancestry]
    45 | D:1      | Reached XP level 2. HP: 20/24 MP: 2/2
    88 | D:1      | You fall through a shaft!
   426 | D:1      | Gained mutation: Your flesh is cold resistant. (rC+)
                  | [demonic ancestry]
   426 | D:1      | Reached XP level 3. HP: 19/29 MP: 3/3
   788 | D:2      | Found a sparkling altar of Nemelex Xobeh.
  1041 | D:2      | Gained mutation: You are surrounded by a mild repulsion
                  | field. (EV +2) [demonic ancestry]
  1041 | D:2      | Reached XP level 4. HP: 32/35 MP: 4/4
  1099 | D:2      | Found an iron altar of Okawaru.
  1102 | D:2      | Found a white marble altar of Elyvilon.
  1108 | D:2      | Became a worshipper of Warmaster Okawaru
  1114 | D:2      | Found a hide-covered altar of Uskayaw.
  1130 | D:2      | Found a sacrificial altar of Ru.
  1751 | D:2      | Found a glowing golden altar of the Shining One.
  2319 | D:3      | Noticed a moth of wrath
  2322 | D:3      | Found a bloodstained altar of Trog.
  2340 | D:3      | Slain by a worm

Levels and vault maps discovered:
D:1:      dpeg_arrival_shelter, layout_loops_ring, minmay_hexomino_f4
D:2:      layout_basic, nemelex_xobeh_ov_fountains_minmay,
          grunt_temple_overflow_cloverleaf, lemuel_coloured_pillars_altar
D:3:      layout_basic, tgw_trog, first_ration

Skill      XL: |  1  2  3  4 |
---------------+-------------+-----
Axes           | 2 3 |  3.0
Shields        | 3 |  3.2
Armour         | 3 |  3.0
Fighting       | |  3.6
Dodging        | |  0.5
Stealth        | |  0.6

Action                   |  1- 3 |  4- 6 || total
-------------------------+-------+-------++-------
Melee: War axe           |   101 |   128 ||   229
  Eat: Chunk             |       |     5 ||     5
Armor: Scale mail        |    67 |    38 ||   105
Dodge: Dodged            |    34 |    65 ||    99
Block: Shield            |    60 |    78 ||   138

Table legend:
 A = Non-vault XP
 B = Vault XP
 C = Vault XP percentage of total XP
 D = Non-vault monster count
 E = Vault monster count
 F = Vault count percentage of total count
                 A         B        C        D         E       F
            +---------+---------+-------+---------+---------+-------
      Total |     155 |      11 |   6.6 |      56 |       7 |  11.1
            +---------+---------+-------+---------+---------+-------
        D:1 |      53 |       7 |  11.7 |      24 |       3 |  11.1
        D:2 |      80 |       0 |   0.0 |      27 |       0 |   0.0
        D:3 |      22 |       4 |  15.4 |       5 |       4 |  44.4
            +---------+---------+-------+---------+---------+-------
